 Dungeon Crawl Stone Soup version 0.30.0-15-g856e2d3f33 (webtiles) character file.

Game seed: 6917176376790330211

252 SnakkuSnakku7 the Ruffian (level 6, 0/50 HPs)
             Began as a Ghoul Hexslinger on May 19, 2023.
             Splashed by a jelly's acid (5 damage)
             ... on level 4 of the Dungeon.
             The game lasted 00:04:05 (2119 turns).

SnakkuSnakku7 the Ruffian (Ghoul Hexslinger)        Turns: 2119, Time: 00:04:06

Health: 0/50       AC: -7    Str: 16    XL:     6   Next: 14%
Magic:  6/6        EV:  7    Int:  8    God:
Gold:   231        SH:  0    Dex:  9    Spells: 6/7 levels left

rFire   . .          .
                       - Unarmed
rCold   + . .        (no shield)
rNeg    + + +        j - +0 chain mail
rPois   ∞            o - +0 helmet
rElec   .            (no cloak)
rCorr   .            (no gloves)
SInv    .            (no boots)
Will    .....        (no amulet) Stlth
                     (no ring)
HPRegen 0.00/turn    (no ring)
MPRegen 0.10/turn

%: no passive effects
@: corroded, inhibited regen
A: claws 1, cold resistance 1, negative energy resistance 3, inhibited
regeneration, torment resistance 2, devour on kill
a: no special abilities


You were on level 4 of the Dungeon.
You visited 1 branch of the dungeon, and saw 4 of its levels.

You collected 231 gold pieces.

Inventory:

Hand Weapons
 a - a +1 sling
Missiles
 m - 6 poisoned darts (quivered)
Armour
 c - a +0 robe
 j - a +0 chain mail (worn)
 o - a +0 helmet (worn)
Jewellery
 i - an amulet of faith
Scrolls
 b - a scroll of poison
 d - 2 scrolls of identify {unknown}
 e - 2 scrolls of immolation {unknown}
 f - a scroll of noise {unknown}
 k - a scroll of amnesia {unknown}
 p - 3 scrolls of teleportation {unknown}
Potions
 g - a potion of curing {unknown}
 h - 2 potions of magic {unknown}
 l - a potion of heal wounds {unknown}
 n - 2 potions of brilliance {unknown}
 q - a potion of lignification {unknown}


   Skills:
 - Level 2.8 Fighting
 - Level 1.7 Ranged Weapons
 + Level 2.7 Throwing
 - Level 1.7 Dodging
 + Level 4.4 Unarmed Combat
 - Level 1.0 Spellcasting
 - Level 2.4 Hexes


You had 6 spell levels left.
You knew the following spells:

 Your Spells              Type           Power      Damage    Failure   Level
a - Slow                  Hex            16%        N/A       91%         1

Your spell library contained the following spells:

 Spells                   Type           Power      Damage    Failure   Level
 Inner Flame              Hex/Fire       2%         N/A       100%        3
 Ozocubu's Armour         Ice            0%         N/A       100%        3
 Portal Projectile        Hex/Tloc       4%         N/A       100%        3
 Cause Fear               Hex            2%         N/A       100%        4
 Passage of Golubria      Tloc           0%         N/A       100%        4
 Metabolic Englaciation   Hex/Ice        1%         N/A       100%        5
 Silence                  Hex/Air        1%         N/A       100%        5
 Simulacrum               Ice/Necr       0%         N/A       100%        6
 Lehudib's Crystal Spear  Conj/Erth      0%         10d2      100%        8


Dungeon Overview and Level Annotations

Branches:
Dungeon (4/15)
 Temple: D:4-7

Altars:
Trog

Shops:
D:2 [


Innate Abilities, Weirdness & Mutations

You are immune to poison.
You have sharp fingernails.
Your flesh is cold resistant. (rC+)
You are immune to negative energy. (rN+++)
You do not regenerate when monsters are visible.
You are immune to unholy pain and torment.
You thrive by killing the living.


Message History

There is an open door here.
There is a stone staircase leading down here.
You climb downwards.
There is a stone staircase leading up here.
HP restored.
q - a fizzy green potion A jelly is nearby!
The jelly quivers.
You see here 17 gold pieces.
You now have 231 gold pieces (gained 17).
Found a scroll labelled ZUXTAMA QIUHU.
The jelly hits you but does no damage.
You scratch the jelly.
Your claws burn!
The jelly is lightly wounded.
The jelly hits you. The acid corrodes you!
You are splashed with acid!
You scratch the jelly but do no damage. The acid corrodes you!
Your claws burn!
The jelly is lightly wounded.
You scratch the jelly.
Your claws burn!
The jelly is moderately wounded.
The jelly closely misses you.
You scratch the jelly but do no damage.
Your claws burn!
The jelly is moderately wounded.
The jelly hits you but does no damage.
You scratch the jelly but do no damage. The acid corrodes you!
Your claws burn!
The jelly is moderately wounded.
The jelly barely misses you.
You claw the jelly!
Your claws burn!
The jelly is almost dead.
The jelly hits you.
You are splashed with acid!
* * * LOW HITPOINT WARNING * * *
You are too injured to fight recklessly!
You are too injured to fight recklessly!
You are too injured to fight recklessly!
You barely miss the jelly. Your claw misses the jelly.
The jelly is severely wounded.
The jelly hits you.
* * * LOW HITPOINT WARNING * * *
The acid corrodes you!
You are splashed with acid!
* * * LOW HITPOINT WARNING * * *
You scratch the jelly.
Your claws burn!
You die...

.### # ... #. ..## #.#
...## # #..###... . . #
#.##.#.#...###..? ..# .
.....#...J....... ....# #
...#.....@.#### ......#.##
#..#.#...#...>..........#.
#..#.#.....##.### ....#.#.
#..#.#..#####.# ...#..<
#..#.#..# #.# #.......
#..#....# #.# ###.#.#.
#..#....#####.#######.#.#.
#.)#......................
#..#....#####.#.......#...


You could see a jelly.

Vanquished Creatures
  An ogre (D:4)
  A hound (D:4)
  Robin (D:3)
  3 adders
  An ufetubus (D:3)
  2 worms (D:2)
  An orc (D:3)
  8 ball pythons
  2 bats (D:1)
  4 endoplasms
  3 giant cockroaches
  18 goblins
  6 hobgoblins
  5 jackals
  5 quokkas
  3 frilled lizards
  9 kobolds
  5 rats
  A spectral goblin (D:1)
79 creatures vanquished.

Notes
Turn   | Place    | Note
-------+----------+-------------------------------------------
     0 | D:1      | SnakkuSnakku7 the Ghoul Hexslinger began the quest for the
                  | Orb.
     0 | D:1      | Reached XP level 1. HP: 16/16 MP: 1/1
    44 | D:1      | Found a faded altar of an unknown god.
    95 | D:1      | Reached skill level 1 in Unarmed Combat
    95 | D:1      | Reached XP level 2. HP: 24/24 MP: 2/2
   415 | D:1      | Reached XP level 3. HP: 28/29 MP: 3/3
   521 | D:2      | Reached skill level 2 in Unarmed Combat
   701 | D:2      | Found Seetigemm's Armour Boutique.
   711 | D:2      | Found a bloodstained altar of Trog.
   952 | D:2      | Reached XP level 4. HP: 37/37 MP: 4/4
  1422 | D:3      | Noticed Robin
  1432 | D:3      | Reached skill level 1 in Throwing
  1446 | D:3      | Killed Robin
  1447 | D:3      | Reached skill level 3 in Unarmed Combat
  1755 | D:4      | Reached XP level 5. HP: 44/44 MP: 5/5
  1905 | D:4      | Noticed an ogre
  1916 | D:4      | Killed an ogre
  1917 | D:4      | Reached skill level 4 in Unarmed Combat
  1917 | D:4      | Reached XP level 6. HP: 15/50 MP: 6/6
  2119 | D:4      | Splashed by a jelly's acid

Illustrated notes

Levels and vault maps discovered:
D:1:      lightli_arrival_chessboard, layout_rooms,
          dreamdust_ecumenical_altar_drowned_temple
D:2:      layout_loops_cross, serial_shops, nicolae_shop_window_shopping,
          basic_altar, st_stairs_7, minmay_indecisive_spiral
D:3:      layout_basic, uniq_robin
D:4:      layout_loops_ring, ebering_ghost_rock_garden, uniq_duvessa

Skill      XL: |  1  2  3  4  5 |
---------------+----------------+-----
Unarmed Combat | 1 2 3 4 |  4.4
Fighting       | 2 |  2.8
Throwing       | 1 2 |  2.7
Ranged Weapons | |  1.7
Dodging        | |  1.7
Spellcasting   | |  1.0
Hexes          | |  2.4

Action                     |  1- 3 |  4- 6 || total
---------------------------+-------+-------++-------
  Melee: Unarmed           |   103 |   176 ||   279
         Punch             |       |     3 ||     3
   Fire: Sling             |    57 |       ||    57
  Throw: Dart              |       |     5 ||     5
   Stab: Sleeping          |     1 |       ||     1
 Armour: Robe              |    23 |       ||    23
         Chain mail        |    15 |    90 ||   105
  Dodge: Dodged            |    69 |    54 ||   123
